[Event "***Titled Tuesday 3|2 Blitz"]
[Site "Chess.com"]
[Date "2017.02.07"]
[Round "9"]
[White "johnathan113"]
[Black "JeremDev"]
[Result "1-0"]
[WhiteElo "2355"]
[BlackElo "2158"]
[TimeControl "180+2"]
[EndTime "15:16:41 PST"]
[Termination "johnathan113 won by resignation"]

1. d4 Nf6 2. Nc3 e6 3. e4 d5 4.
Bg5 Be7 5. e5 Nfd7 6. Bxe7 Qxe7 7. f4 g6 8. Nf3 b6 9. h4 h5 10. Ng5 Ba6 11. Bxa6 Nxa6 12. Qd3 Nb4 13. Qd2 a6 14. a3 Nc6 15. O-O-O Na5 16. Qe2 Nc4 17. Rh3 b5 18. Nb1 Ndb6 19. g4 hxg4 20. Qxg4 O-O-O 21. Rdh1 Rh5 22. Qg3 Kb7 23. Qb3 Rc8 24. Nc3 c5 25. dxc5 Rxc5 26. a4 bxa4 27. Qb4 Qc7 28. Nxf7 Qxf7 29. Qxc5 Qxf4+ 30. Kb1 Rh7 31. Ka1 Rc7 32. Qb4 a3 33. bxa3 Qxe5 34. Rb1 Ka7 35. Ka2 Qf5 36. Rd3 Qf2 37. Qb3 Na5 38. Qb2 Nac4 39.
Qb3 Na5 40. Qb4 Nac4 41. Ka1 Qxc2 42. Rf3 d4 43. Na2 d3 44. Rf4 Rb7 45. Nc3 d2 46. Nd1 Qd3 47. a4 Qa3+ 48. Qxa3 Nxa3 49. Rb3 Nac4 50.
Rd3 e5 51. Rf6 Rh7 52. Rxg6 Rxh4 53. Rg7+ Kb8 54. Rd8+ Nc8 55. Rgg8 Nd6 56. Rxd6 Rxa4+ 57. Kb2 Kc7 58. Rxd2 Rb4+ 59. Kc3 Rb5 60. Ne3 Nd6 61. Rg7+ Kc6 62. Rg6 Rc5+ 63. Kb2 Rb5+ 64. Kc1 Rc5+ 65. Kd1 1-0

[Event "***Titled Tuesday 3|2 Blitz"]
[Site "Chess.com"]
[Date "2017.02.07"]
[Round "9"]
[White "MateusViageiro"]
[Black "Divertissement"]
[Result "0-1"]
[WhiteElo "2404"]
[BlackElo "2434"]
[TimeControl "180+2"]
[EndTime "15:16:45 PST"]
[Termination "Divertissement won by resignation"]

1. e4 e5 2. Nf3 Nc6 3. Bb5 a6 4. Ba4 Nf6 5. Bxc6 dxc6 6. d3 Bd6 7. Nbd2 Qe7 8. Nc4 Nd7 9. Bd2 O-O 10. Qe2 f6 11.
Ne3 Nc5 12. Nf5 Bxf5 13. exf5 e4 14. dxe4 Qxe4 15. Qxe4 Nxe4 16. Be3 a5 17. O-O-O a4 18. a3 Ra5 19. g4 Re8 20. Nd4 Kf7 21. c3 Rd5 22. Kc2 Nc5 23. h3 Rde5 24. Nf3 R5e7 25. Nd4 Re4 26. Rhe1 Rh8 27. f3 Ree8 28. Bf2 h5 29.
Rxe8 Rxe8 30. Re1 Rh8 31. Ne2 hxg4 32. Bxc5 Bxc5 33. hxg4 Rh3 34. Rf1 b5 35. Kd3 Rh2 36. Kd2 Bb6 37. Kd3 c5 38. Kd2 c4 39. Ke1 Be3 40.
Kd1 c5 41. Ke1 b4 42. axb4 cxb4 43. cxb4 c3 44. Nxc3 a3 45. bxa3 Bd2+ 46. Kd1 Bxc3 47. f4 Ra2 48. g5 Ra1+ 49. Ke2 Rxa3 50. Rf3 Bxb4 51. gxf6 Kxf6 52. Rf1 Kxf5 53. Rg1 Bc3 54. Rg3 Kxf4 55. Rf3+ Kg4 56. Rd3 g5 57. Rd8 Be5 58.
Re8 Bf4 59. Rc8 Ra2+ 60. Kf1 Kf3 61. Rc3+ Be3 0-1

[Event "***Titled Tuesday 3|2 Blitz"]
[Site "Chess.com"]
[Date "2017.02.07"]
[Round "9"]
[White "maciek_92"]
[Black "tigra"]
[Result "0-1"]
[WhiteElo "2577"]
[BlackElo "2609"]
[TimeControl "180+2"]
[EndTime "15:16:55 PST"]
[Termination "tigra won by resignation"]

1. c4 e5 2. Nc3 g6 3. g3 Bg7 4. Bg2 Ne7 5. e4 c5 6. Nge2 Nbc6 7.
O-O d6 8. d3 a6 9. a3 b6 10.
Rb1 Nd4 11. b4 h5 12. h3 Nec6 13. f4 exf4 14. Nxf4 h4 15. g4 Ne5 16. Ncd5 g5 17.
Nh5 Kf8 18. bxc5 bxc5 19. Nxg7 Kxg7 20. Rf6 Ne6 21. Be3 Bd7 22. Qd2 Qxf6 23. Nxf6 Kxf6 24. Rb6 Bc6 25. d4 cxd4 26. Bxd4 Rhc8 27. Bc3 Ke7 28.
c5 Nc4 29. Qd3 Nxb6 30. Qxd6+ Ke8 31. cxb6 Rab8 32. Bf6 Rb7 33. Qb4 Rcb8 34. Bf1 a5 35. Qd6 Ba4 36. Ba6 Nf4 37. Bxb7 Rxb7 38. Bxg5 Nxh3+ 39. Kg2 Nxg5 40. Qd5 h3+ 41. Kg3 Rxb6 42. Qxg5 Rb3+ 43.
Kf4 Bd7 44. Qh6 Be6 45. Ke5 Kd7 46. a4 Rg3 47. g5 Rg2 48. Qh4 h2 49. Kf6 Kd6 50.
Qf4+ Kc6 51. Qh4 Kc5 52. Ke5 Rxg5+ 53. Kf6 Rg2 54. Ke7 Kd4 55. Kd6 Rc2 56. Qf6+ Kxe4 57. Qe5+ Kf3 58. Qh5+ Kg3 59. Qg5+ Bg4 60. Qe5+ Kh3 61.
Qh8+ Kg2 62. Qa8+ Bf3 63. Qg8+ Kf1 64. Qh7 Rd2+ 65. Ke5 h1=Q 0-1

[Event "***Titled Tuesday 3|2 Blitz"]
[Site "Chess.com"]
[Date "2017.02.07"]
[Round "9"]
[White "GMBenjaminBok"]
[Black "LyonBeast"]
[Result "0-1"]
[WhiteElo "2645"]
[BlackElo "2758"]
[TimeControl "180+2"]
[EndTime "15:17:37 PST"]
[Termination "LyonBeast won by resignation"]

1. e4 c5 2. Nf3 d6 3. Bb5+ Nd7 4.
d4 cxd4 5. Qxd4 a6 6. Bxd7+ Bxd7 7. O-O Nf6 8. Bg5 e6 9. Na3 Bc6 10. Nc4 Bxe4 11. Bxf6 Qxf6 12. Qxe4 d5 13. Qe2 dxc4 14. Qxc4 Be7 15. c3 O-O 16. Qe4 Rab8 17. Rfd1 Rfd8 18. Rxd8+ Bxd8 19. Rd1 Qe7 20. g3 Bc7 21. Kg2 h6 22. Rd4 Bb6 23. Rd3 Rd8 24. Rxd8+ Bxd8 25. Nd4 Qd7 26.
Nf3 Bf6 27. h4 Qb5 28. Qc2 Qc6 29. Qd3 e5 30. Qe3 Qd5 31. b3 b5 32. Kg1 g6 33.
Nd2 Kg7 34. c4 bxc4 35. Nxc4 Qd1+ 36. Kg2 Qc2 37. Nxe5 Qxa2 38. Ng4 Ba1 39. Qxh6+ Kg8 40. Qe3 Qc2 41. Qf3 Kg7 42. b4 Bd4 43. Qf4 Qc6+ 44.
Kg1 Qc3 45. Ne3 Qxb4 46. h5 Qe1+ 47. Nf1 Qe5 48. h6+ Kf8 49. Qf3 Kg8 50. h7+ Kxh7 51.
Qxf7+ Qg7 52. Qf3 Qf6 53. Qe2 a5 54. Nh2 a4 55. Ng4 Qf7 56. Qe4 Qd7 57. Ne5 Bxe5 58. Qxe5 a3 59. Qa5 Qe7 60. Qa6 Qc5 61. Qb7+ Kg8 62. Qa6 Kf7 63. Qb7+ Kf6 64. Qa6+ Kf7 65. Kf1 Qc1+ 66. Kg2 Qb2 67. Qc6 a2 68. Qd7+ Kf8 69.
Qd8+ Kg7 70. Qe7+ Kg8 71. Qe8+ Kh7 72. Qf7+ Kh6 73. Qf8+ Qg7 74. Qa8 a1=Q 75. Qe4 Qad4 0-1

[Event "***Titled Tuesday 3|2 Blitz"]
[Site "Chess.com"]
[Date "2017.02.07"]
[Round "9"]
[White "Dlugy"]
[Black "RoelandPruijssers"]
[Result "1/2-1/2"]
[WhiteElo "2664"]
[BlackElo "2501"]
[TimeControl "180+2"]
[EndTime "15:17:43 PST"]
[Termination "Game drawn by agreement"]

1. d4 f5 2. Bf4 Nf6 3. e3 g6 4. h4 h6 5. Nf3 d6 6. c4 e6 7. Nc3 Bg7 8. c5 O-O 9. cxd6 cxd6 10.
Qb3 Nc6 11. Qa3 Ne8 12. d5 exd5 13.
Nxd5 Be6 14. O-O-O Rc8 15. Kb1 a5 16. Bb5 Bxd5 17. Rxd5 Nb4 18. Rd2 Qe7 19. Qb3+ Kh8 20. a3 Nc7 21. Bxd6 Qe4+ 22. Bd3 Nxd3 23. Qxd3 Rfd8 24.
Qxe4 fxe4 25. Bxc7 Re8 26. Bxa5 exf3 27. gxf3 Rc5 28.
Bb4 Rh5 29. Rdd1 b5 30. f4 Re6 31. Bc3 Bxc3 32. bxc3 Rc6 33. Kb2 Rhc5 34. Rd8+ Kg7 35. Rd3 Rh5 36. Kb3 Kf7 37. Rd4 Rf6 38. c4 bxc4+ 39.
Rxc4 Rb6+ 40. Rb4 Rd6 41. Ka2 Rd2+ 42. Rb2 Rd3 43. Rc1 Ra5 44. Rc7+ Kf6 45. Rb3 Rd2+ 46. Rb2 Rd3 47. Rb6+ Kf5 48. Rf7+ Ke4 49. Rb3 Rd2+ 50.
Rb2 Rd3 51. Rf6 Rdxa3+ 52. Kb1 Ra1+ 53. Kc2 Rc5+ 54. Kd2 Kf3 55. Rxg6 h5 56. Rg5 Rcc1 57. Kd3 Ra8 58. Kd4 Rd8+ 59. Ke5 Rc5+ 60. Ke6 Rc6+ 61. Ke7 Rh8 62. f5 Rh7+ 63. Kd8 Rd6+ 64. Kc8 Ra6 65. Rg8 Ra8+ 66. Rb8 Ra6 67. Rb7 Rc6+ 68. Kb8 Rhh6 69. Rc7 Rb6+ 70. Kc8 Rbf6 71. Rg5 Kxf2 72. e4 Rh8+ 73.
Kb7 Re8 74. Rc4 Kf3 75. Rg6 Rf7+ 76. Kc6 Rc8+ 77. Kd5 Rxc4 78. Kxc4 Kxe4 79. f6 Kf5 80. Rg5+ Kxf6 81. Rxh5 Kg6 82. Rg5+ 1/2-1/2

[Event "***Titled Tuesday 3|2 Blitz"]
[Site "Chess.com"]
[Date "2017.02.07"]
[Round "9"]
[White "abubakrtagelsir"]
[Black "alekroth64"]
[Result "1-0"]
[WhiteElo "2155"]
[BlackElo "2229"]
[TimeControl "180+2"]
[EndTime "15:17:52 PST"]
[Termination "abubakrtagelsir won by resignation"]

1. e4 e5 2. Nf3 Nc6 3. d4 exd4 4.
Bc4 Nf6 5. e5 d5 6. Bb5 Ne4 7.
Nxd4 Bd7 8. Bxc6 bxc6 9. O-O Bc5 10. f3 Ng5 11. f4 Ne4 12. Be3 Qb8 13. b3 O-O 14. c3 f6 15. exf6 Rxf6 16. b4 Bb6 17.
Kh1 Qf8 18. Qc1 Re8 19. a4 g5 20. a5 Bxd4 21. Bxd4 Rxf4 22. Rxf4 Qxf4 23. Qxf4 gxf4 24. Bxa7 c5 25. Na3 Ra8 26. Bxc5 Nxc5 27. bxc5 Rxa5 28. Nc2 Rxc5 29. Ra3 Rc4 30. Kg1 Kf7 31. Kf2 c5 32. Ne1 Bf5 33. Nf3 Be4 34. Ne5+ Ke6 35. Nxc4 dxc4 36.
Ra7 Kd5 37. Rd7+ Ke5 38. Rc7 Kd6 39. Rf7 Ke5 40. h4 Bg6 41. Rf8 Be4 42. h5 Bd5 43.
Re8+ Kd6 44. Rd8+ Ke5 45. Rc8 Kd6 46. h6 Be4 47. Rf8 Ke5 48. g4 fxg3+ 49. Kxg3 Bd3 50. Re8+ Kf5 51. Rc8 Kg5 52. Rc6 Be2 53. Kf2 Bd3 54. Ke3 Bf1 55. Kd2 Bd3 56. Kc1 Bg6 57. Rxc5+ Kxh6 58.
Rxc4 Kg5 59. Kd2 h5 60. Ke3 h4 61. Kf3 Bh5+ 62. Kg2 Bg4 63. Rd4 Be6 64. c4 h3+ 65. Kg3 Kf6 66. c5 Ke5 67. Rd2 Bf5 68. c6 Be6 69. c7 1-0

[Event "***Titled Tuesday 3|2 Blitz"]
[Site "Chess.com"]
[Date "2017.02.07"]
[Round "9"]
[White "plouarzel"]
[Black "Bad4life"]
[Result "1-0"]
[WhiteElo "2396"]
[BlackElo "2285"]
[TimeControl "180+2"]
[EndTime "15:20:25 PST"]
[Termination "plouarzel won by checkmate"]

1. e4 c5 2. Nf3 d6 3. Bb5+ Nd7 4.
O-O a6 5. Bd3 e6 6. c3 b5 7. Re1 Bb7 8. Bc2 Qc7 9. d4 Ngf6 10. Nbd2 Rc8 11. Bd3 Be7 12. Nf1 e5 13. d5 c4 14. Bc2 Nc5 15. b4 cxb3 16. axb3 Rd8 17. Ba3 Bc8 18. Bb4 Qa7 19. Ng3 O-O 20. Ba5 Rde8 21. b4 Nb7 22. Bd3 Ng4 23. Qe2 Nxa5 24.
Rxa5 Bd8 25. Ra2 Qc7 26. Rc1 Qb8 27. Nd2 Bb6 28. Nh1 Qc7 29. h3 Nh6 30. Ng3 Qd8 31.
c4 bxc4 32. Nxc4 Qg5 33. Rac2 Bd4 34. Ne3 f5 35. Nexf5 Bxf5 36. Nxf5 Nxf5 37. exf5 Rb8 38. Bxa6 Rxb4 39. Bd3 Rb2 40. Rf1 Rfb8 41. Rxb2 Rxb2 42. Qe4 Qg3 43. Qf3 Qxf3 44. gxf3 Kf7 45. Kg2 Kf6 46. Kg3 Rd2 47. Be4 Kg5 48. h4+ Kf6 49.
f4 exf4+ 50. Kf3 Ke5 51. Bb1 Kxd5 52. h5 h6 53. Be4+ Ke5 54. Bb1 Rb2 55. Bd3 Rb3 56. Re1+ Kf6 57. Ke4 Be5 58. Rd1 Rb4+ 59. Kf3 Kg5 60.
Rg1+ Kf6 61. Rg6+ Kf7 62. Be4 Rb3+ 63. Kg4 Ke7 64. Re6+ Kd7 65. Rg6 Rc3 66. Bd5 Rc5 67. Be6+ Ke7 68. Kf3 Rc3+ 69. Ke4 Rh3 70. Bc4 Rxh5 71.
Re6+ Kd7 72. Bb5+ Kc7 73. Re7+ Kb6 74. Be2 Rh3 75. Bf3 Rh2 76. Re8 Rxf2 77. Rb8+ Kc7 78. Rb1 Rc2 79. Kd3 Rc3+ 80. Ke4 Rc4+ 81. Kd5 Rc5+ 82. Ke6 Rc3 83. Rb7+ Kc8 84. Bd5 Rc7 85. Rb3 Kd8 86. Bf3 Re7+ 87. Kd5 Ra7 88. Bg4 Ke7 89. Rb5 Rc7 90. Rb8 Rc5+ 91. Ke4 Rc4+ 92. Kd5 Rc5+ 93. Ke4 d5+ 94. Kxe5 Rc7 95. Kxd5 Kf6 96.
Rb6+ Kg5 97. Rg6+ Kh4 98. Bf3 Rf7 99. Ke5 Kh3 100. Kxf4 Ra7 101. Rg1 Ra4+ 102. Be4 Ra2 103. Rxg7 Rf2+ 104. Bf3 h5 105. f6 Rb2 106. Rg1 Rb4+ 107. Be4 Rb2 108. f7 Rf2+ 109. Bf3 h4 110. Rh1+ Rh2 111. Rxh2+ Kxh2 112.
f8=Q h3 113. Qb4 Kg1 114. Qe1+ Kh2 115. Qf2# 1-0

[Event "***Titled Tuesday 3|2 Blitz"]
[Site "Chess.com"]
[Date "2017.02.07"]
[Round "9"]
[White "AllStarShark"]
[Black "Rating-Schmating"]
[Result "1/2-1/2"]
[WhiteElo "2231"]
[BlackElo "2268"]
[TimeControl "180+2"]
[EndTime "15:21:06 PST"]
[Termination "Game drawn by 50-move rule"]

1. d4 Nf6 2. Bg5 d5 3. Bxf6 exf6 4. e3 Bf5 5. g3 Bd6 6. Bg2 c6 7. Ne2 Qc7 8. Nd2 Nd7 9. b3 O-O 10. O-O Nb6 11. c4 dxc4 12. bxc4 c5 13. e4 Bd7 14. d5 Rfe8 15. a4 Be5 16. a5 Bxa1 17.
Qxa1 Na4 18. Nb3 b6 19. Rd1 Rab8 20. d6 Qc8 21. f4 Qa6 22. Rc1 Bc6 23. e5 Bxg2 24.
Kxg2 fxe5 25. Qxa4 exf4 26. Nxf4 Qb7+ 27. Nd5 Rbd8 28. axb6 axb6 29. Qb5 Re2+ 30. Kf1 Rxh2 31. Qxb6 Qxb6 32. Nxb6 Rh1+ 33. Kg2 Rxc1 34. Nxc1 Rxd6 35.
Nd5 g6 36. Nd3 Ra6 37. Nxc5 Ra2+ 38. Kf3 Rc2 39. Ne3 Rc3 40. Ne4 Rc1 41. Kf4 f5 42.
Ng5 h6 43. Ne6 Kf7 44. Nd4 Kf6 45. Nd5+ Kf7 46. Ne3 Ke7 47. Ke5 Re1 48. Kf4 Kd6 49. Ndxf5+ gxf5 50. Nxf5+ Ke6 51. Nxh6 Rc1 52. Ng4 Rxc4+ 53.
Kf3 Rc3+ 54. Kf4 Ra3 55. Ne3 Kf6 56. Ng4+ Kg6 57. Ne5+ Kh5 58. g4+ Kh6 59. g5+ Kh5 60.
Kf5 Ra1 61. g6 Rf1+ 62. Ke6 Kh6 63. Kd5 Kg7 64. Ke6 Rf2 65. Kd5 Rf8 66. Ke6 Rf1 67. Kd5 Kf6 68. Nc6 Kxg6 69. Ne5+ Kf5 70. Nc4 Rd1+ 71.
Kc5 Ke6 72. Ne3 Rd3 73. Nc4 Rd8 74. Nb6 Ke5 75. Nc4+ Kf4 76. Nb6 Ke4 77. Kc6 Kd4 78.
Kc7 Rh8 79. Kc6 Rh6+ 80. Kc7 Kc5 81. Nd7+ Kb5 82. Ne5 Re6 83. Nd7 Rc6+ 84. Kd8 Rd6 85. Ke7 Kc6 86. Ne5+ Kd5 87. Nf7 Re6+ 88. Kd7 Rg6 89.
Ke7 Ra6 90. Ng5 Ke5 91. Nf7+ Kf4 92. Kd7 Kf5 93. Nd6+ Ke5 94. Nf7+ Kd5 95. Ng5 Ra7+ 96. Ke8 Ke5 97. Kd8 Kf6 98. Ne4+ Ke6 99. Kc8 Kd5 100. Nf6+ Kc6 101. Kd8 Kd6 102. Ne8+ Kc6 103. Nf6 Rf7 104.
Ne8 Rd7+ 105. Kc8 Re7 106. Kd8 Re5 107. Nf6 Re6 108. Ne8 Rg6 109. Ke7 Kd5 110. Nf6+ Ke5 111. Nd7+ Kf5 112. Kf7 Rh6 113. Ke7 Re6+ 114. Kf7 Rd6 115. Nc5 Rc6 116. Nd7 Ra6 117. Ke7 Kg6 118. Ne5+ Kg7 119. Nd7 Ra7 120. Kd6 1/2-1/2